 Dungeon Crawl Stone Soup version 0.17.1-1-g73c8601 (webtiles) character file.

37 JustSomeDude the Sneak (level 3, -1/18 HPs)
             Began as a Vine Stalker Assassin on Dec 15, 2015.
             Slain by a quokka (5 damage)
             ... on level 2 of the Dungeon.
             The game lasted 00:03:39 (480 turns).

JustSomeDude the Sneak (Vine Stalker Assassin)       Turns: 480, Time: 00:03:40

Health: -1/18      AC:  3    Str: 14    XL:     3   Next: 41%
Magic:  0/4        EV: 11    Int: 11    God:
Gold:   45         SH:  0    Dex: 15    Spells: 0 memorised, 2 levels left

rFire  . . .     SeeInvis .     a - +2 dagger
rCold  . . .     Clarity  .     c - +0 robe
rNeg   . . .     SustAt   .     (no shield)
rPois  .         Gourm    .     (no helmet)
rElec  .         Spirit   +     d - +0 cloak
rCorr  .         Warding  .     (no gloves)
rMut   .         Stasis   .     (no boots)
MR     .....                    (no amulet)
Stlth  +++.......               (no ring)
                                (no ring)

@: lethally poisoned (-1 -> -6), hasted, very quick, not resistant to hostile
enchantments, fairly stealthy
A: fangs 2, regeneration 1, magic shield, antimagic bite, no device heal 3, rot
immunity
a: no special abilities


You were on level 2 of the Dungeon.
You were not hungry.

You visited 1 branch of the dungeon, and saw 2 of its levels.

You collected 45 gold pieces.

Inventory:

Hand Weapons
 a - a +2 dagger (weapon)
 b - a +0 blowgun
Missiles
 f - 2 curare-tipped needles
 n - 24 poisoned needles
Armour
 c - a +0 robe (worn)
 d - a +0 cloak (worn)
Jewellery
 o - an uncursed ring of poison resistance {unknown}
Scrolls
 i - 2 scrolls of identify
 k - a scroll of enchant weapon
Potions
 h - a potion of invisibility {unknown}
 l - a potion of lignification {unknown}
Comestibles
 g - 2 bread rations
 j - a slice of pizza


   Skills:
 + Level 1.7 Fighting
 + Level 1.9 Short Blades
 + Level 1.9 Throwing
 + Level 0.8 Dodging
 + Level 6.1 Stealth


You had 2 spell levels left.
You didn't know any spells.

Dungeon Overview and Level Annotations

Branches:
Dungeon (2/15)

Altars:


Innate Abilities, Weirdness & Mutations

You have extremely sharp teeth.
Your natural rate of healing is unusually fast.
When hurt, damage is shared between your health and your magic reserves.
Your bite disrupts and absorbs the magic of your enemies.
Potions and wands cannot restore your health.
You are immune to rotting.


Message History

You closely miss the adder. Your bite misses the adder.
You feel sick. The quokka bites you.
* * * LOW HITPOINT WARNING * * *
The adder closely misses you.
As you read the scroll labeled XAPEYN WUQISEU, it crumbles to dust.
You feel blessed for a moment.
It was a scroll of remove curse.
The quokka barely misses you. The adder bites you but does no damage.
As you read the scroll labeled ZOF MAEQOUM, it crumbles to dust.
It is a scroll of identify.
Identify which item? (\ to view known items) (? for menu, Esc to quit)
k - a scroll of enchant weapon The adder bites you.
* * * LOW HITPOINT WARNING * * *
You are lethally poisoned!
The adder poisons you!
The quokka bites you but does no damage.
It was a potion of haste.
You feel yourself speed up.
* * * LOW HITPOINT WARNING * * *
You feel sick. The adder bites you but does no damage. The quokka bites you.
You die...

#............#
#............#
##............#
..............
............#
............###.
................
.......@S...#
.......r....#
........†...#
....!.......#
............#
.#####......#
..(.....#
.........#
.......####


You could see an adder and a quokka.

Vanquished Creatures
  Natasha (D:2)
  A bat (D:1)
  A goblin (D:1)
  2 hobgoblins
  2 jackals (D:1)
  A kobold (D:1)
  A ball python (D:1)
  A giant newt (D:1)
  3 rats
13 creatures vanquished.

Notes
Turn   | Place    | Note
--------------------------------------------------------------
     0 | D:1      | JustSomeDude the Vine Stalker Assassin began the quest for the Orb.
     0 | D:1      | Reached XP level 1. HP: 11/11 MP: 2/2
    59 | D:1      | Reached skill level 5 in Stealth
   172 | D:1      | Reached XP level 2. HP: 15/15 MP: 3/3
   466 | D:2      | Noticed Natasha
   475 | D:2      | Killed Natasha
   475 | D:2      | Reached skill level 6 in Stealth
   475 | D:2      | Reached XP level 3. HP: 7/18 MP: 1/4
   480 | D:2      | Slain by a quokka

Action                   || total
-------------------------++-------
Melee: Dagger            ||    16
 Fire: Blowgun           ||    29
  Use: Scroll            ||     2
       Potion            ||     1
 Stab: Sleeping          ||     8
